TOP OF THE 1ST |
Ogallala Octopi batting - Pitching for Ellesmere Island Snowpeople : RHP Jim Thurman
|
Pitching: RHP Jim Thurman
|
|
Batting: RHB Mike Moss
|
0-0: Called Strike 0-1: Ball 1-1: Foul Ball, location: 2F 1-2: Ball 2-2: Fly out, F9 (Flyball, 9LDF)
|
Batting: RHB Carlos Martínez
|
0-0: DOUBLE (Line Drive, 78D)
|
Batting: LHB Lauren Hilfiker
|
0-0: 2-RUN HOME RUN (Flyball, 78D), Distance : 430 ft
|
Batting: RHB Kao-tsu Koo
|
0-0: Called Strike 0-1: Ball 1-1: Ball 2-1: Swinging Strike 2-2: Ball 3-2: Foul Ball, location: 2F 3-2: Foul Ball, location: 2F 3-2: Foul Ball, location: 2F 3-2: Strikes out looking
|
Batting: RHB Anthon Oort
|
0-0: Ground out 5-3 (Groundball, 56)
|
Top of the 1st over - 2 runs, 2 hits, 0 errors, 0 left on base; Ogallala 2 - Ellesmere Island 0 |
BOTTOM OF THE 1ST |
Ellesmere Island Snowpeople batting - Pitching for Ogallala Octopi : LHP Venceslau Martelo
|
Pitching: LHP Venceslau Martelo
|
|
Batting: SHB Hsien-feng Chen
|
0-0: Ball 1-0: Ball 2-0: Ground out 6-3 (Groundball, 56)
|
Batting: RHB Tristan Eikelenboom
|
0-0: Ball 1-0: SINGLE (Groundball, 6MD)
|
Batting: RHB Luigino Colombo
|
0-0: Called Strike 0-1: Foul Ball, location: 2F 0-2: Ball 1-2: Ball 2-2: Foul Ball, location: 2F 2-2: Fly out, F8 (Flyball, 8RM)
|
Batting: RHB Omer van de Linde
|
0-0: Foul Ball, location: 2F 0-1: Ball 1-1: Foul Ball, location: 2F 1-2: Foul Ball, location: 2F 1-2: Ball 2-2: 2-RUN HOME RUN (Flyball, 7D), Distance : 402 ft
|
Batting: RHB Enrique Flores
|
0-0: Ground out 4-3 (Groundball, 4M)
|
Bottom of the 1st over - 2 runs, 2 hits, 0 errors, 0 left on base; Ogallala 2 - Ellesmere Island 2 |
TOP OF THE 2ND |
Ogallala Octopi batting - Pitching for Ellesmere Island Snowpeople : RHP Jim Thurman
|
Batting: RHB David Stone
|
0-0: Ball 1-0: Called Strike 1-1: Ball 2-1: Ball 3-1: Foul Ball, location: 2F 3-2: Foul Ball, location: 2F 3-2: SINGLE (Groundball, 6MD)
|
Batting: RHB Alejandro Cantú
|
0-0: Called Strike 0-1: Fly out, F8 (Line Drive, 78D)
|
Batting: RHB Keng-chi Nao
|
0-0: Ball 1-0: Swinging Strike 1-1: Foul Ball, location: 2F 1-2: Strikes out looking
|
Batting: RHB Skip Giblet
|
0-0: Called Strike 0-1: Called Strike 0-2: Ball 1-2: Foul Ball, location: 2F 1-2: Fly out, F7 (Flyball, 7LS)
|
Top of the 2nd over - 0 runs, 1 hit, 0 errors, 1 left on base; Ogallala 2 - Ellesmere Island 2 |
BOTTOM OF THE 2ND |
Ellesmere Island Snowpeople batting - Pitching for Ogallala Octopi : LHP Venceslau Martelo
|
Batting: RHB Teok-kyu Pak
|
0-0: Called Strike 0-1: Called Strike 0-2: Ball 1-2: Ball 2-2: Ball 3-2: SINGLE (Groundball, 4MD)
|
Batting: RHB Carlos Moreno
|
0-0: Foul Ball, location: 2F 0-1: Ball 1-1: Ball 2-1: Ball 3-1: Foul Ball, location: 2F 3-2: Strikes out swinging
|
Batting: RHB Feng-yi Wen
|
0-0: Ball Teok-kyu Pak is caught stealing 2nd base 1-0: Called Strike 1-1: SINGLE (Groundball, 4D)
|
Batting: RHB José González
|
0-0: Swinging Strike 0-1: Ball 1-1: Ball 2-1: Ball 3-1: Ground out 5-3 (Groundball, 56)
|
Bottom of the 2nd over - 0 runs, 2 hits, 0 errors, 1 left on base; Ogallala 2 - Ellesmere Island 2 |
TOP OF THE 3RD |
Ogallala Octopi batting - Pitching for Ellesmere Island Snowpeople : RHP Jim Thurman
|
Batting: RHB Mike Moss
|
0-0: Called Strike 0-1: Foul Ball, location: 2F 0-2: Foul Ball, location: 2F 0-2: Strikes out swinging
|
Batting: RHB Carlos Martínez
|
0-0: SINGLE (Groundball, 56) (infield hit)
|
Batting: LHB Lauren Hilfiker
|
0-0: Ball 1-0: Foul Ball, location: 2F 1-1: Ball Pickoff Throw to First - Error! E1 Carlos Martínez to second 2-1: Fly out, F8 (Flyball, 89M) Runner from 2nd tags up, SAFE at 3rd with throw
|
Batting: RHB Kao-tsu Koo
|
0-0: Ball 1-0: Swinging Strike 1-1: Foul Ball, location: 2F 1-2: Ball 2-2: Foul Ball, location: 2F 2-2: Foul Ball, location: 2F 2-2: Fly out, F8 (Flyball, 8RM)
|
Top of the 3rd over - 0 runs, 1 hit, 1 error, 1 left on base; Ogallala 2 - Ellesmere Island 2 |
BOTTOM OF THE 3RD |
Ellesmere Island Snowpeople batting - Pitching for Ogallala Octopi : LHP Venceslau Martelo
|
Batting: SHB Hsien-feng Chen
|
0-0: Called Strike 0-1: Foul Ball, location: 2F 0-2: Fly out, F7 (Flyball, 78S)
|
Batting: RHB Tristan Eikelenboom
|
0-0: Ball 1-0: Foul Ball, location: 2F 1-1: Fly out, F7 (Flyball, 7)
|
Batting: RHB Luigino Colombo
|
0-0: Foul Ball, location: 2F 0-1: Foul Ball, location: 2F 0-2: Ground out U3 (Groundball, 34)
|
Bottom of the 3rd over - 0 runs, 0 hits, 0 errors, 0 left on base; Ogallala 2 - Ellesmere Island 2 |
TOP OF THE 4TH |
Ogallala Octopi batting - Pitching for Ellesmere Island Snowpeople : RHP Jim Thurman
|
Batting: RHB Anthon Oort
|
0-0: Ball 1-0: Called Strike 1-1: Ball 2-1: Ball 3-1: Base on Balls
|
Batting: RHB David Stone
|
0-0: Called Strike 0-1: Ball 1-1: Foul Ball, location: 2F 1-2: Ball 2-2: Strikes out looking
|
Batting: RHB Alejandro Cantú
|
0-0: Fly out, F7 (Flyball, 7S)
|
Batting: RHB Keng-chi Nao
|
0-0: Called Strike 0-1: Called Strike 0-2: Ground out 4-3 (Groundball, 4MD)
|
Top of the 4th over - 0 runs, 0 hits, 0 errors, 1 left on base; Ogallala 2 - Ellesmere Island 2 |
BOTTOM OF THE 4TH |
Ellesmere Island Snowpeople batting - Pitching for Ogallala Octopi : LHP Venceslau Martelo
|
Batting: RHB Omer van de Linde
|
0-0: Called Strike 0-1: Fly out, F8 (Flyball, 8RS)
|
Batting: RHB Enrique Flores
|
0-0: Called Strike 0-1: Ball 1-1: Ball 2-1: SINGLE (Groundball, 6D)
|
Batting: RHB Teok-kyu Pak
|
0-0: Ball Wild Pitch! Enrique Flores to second 1-0: Called Strike 1-1: Fly out, F8 (Flyball, 8LS)
|
Batting: RHB Carlos Moreno
|
0-0: Called Strike 0-1: Called Strike 0-2: Ball 1-2: SINGLE (Groundball, 5S) (infield hit) Enrique Flores to third
|
Batting: RHB Feng-yi Wen
|
0-0: Ball 1-0: Called Strike 1-1: Fly out, F8 (Flyball, 8RM)
|
Bottom of the 4th over - 0 runs, 2 hits, 0 errors, 2 left on base; Ogallala 2 - Ellesmere Island 2 |
TOP OF THE 5TH |
Ogallala Octopi batting - Pitching for Ellesmere Island Snowpeople : RHP Jim Thurman
|
Batting: RHB Skip Giblet
|
0-0: Foul Ball, location: 2F 0-1: Swinging Strike 0-2: Ball 1-2: Ball 2-2: Ball 3-2: Strikes out swinging
|
Batting: RHB Mike Moss
|
0-0: Ball 1-0: Ball 2-0: Foul Ball, location: 2F 2-1: Ball 3-1: Base on Balls
|
Batting: RHB Carlos Martínez
|
0-0: Grounds into double play, 5-4-3 (Groundball, 56)
|
Top of the 5th over - 0 runs, 0 hits, 0 errors, 0 left on base; Ogallala 2 - Ellesmere Island 2 |
BOTTOM OF THE 5TH |
Ellesmere Island Snowpeople batting - Pitching for Ogallala Octopi : LHP Venceslau Martelo
|
Batting: RHB José González
|
0-0: Ball 1-0: Hit by Pitch
|
Batting: SHB Hsien-feng Chen
|
0-0: Ball 1-0: Grounds into double play, 4-6-3 (Groundball, 4)
|
Batting: RHB Tristan Eikelenboom
|
0-0: Ball 1-0: Fly out, F6 (Popup, 6M)
|
Bottom of the 5th over - 0 runs, 0 hits, 0 errors, 0 left on base; Ogallala 2 - Ellesmere Island 2 |
TOP OF THE 6TH |
Ogallala Octopi batting - Pitching for Ellesmere Island Snowpeople : RHP Jim Thurman
|
Batting: LHB Lauren Hilfiker
|
0-0: Swinging Strike 0-1: Swinging Strike 0-2: Ball 1-2: Ball 2-2: Strikes out swinging
|
Batting: RHB Kao-tsu Koo
|
0-0: Called Strike 0-1: Ball 1-1: Ball 2-1: Called Strike 2-2: Foul Ball, location: 2F 2-2: Ball 3-2: Foul Ball, location: 2F 3-2: Ground out 2-3 (Groundball, 15S)
|
Batting: RHB Anthon Oort
|
0-0: Called Strike 0-1: Called Strike 0-2: Strikes out looking
|
Top of the 6th over - 0 runs, 0 hits, 0 errors, 0 left on base; Ogallala 2 - Ellesmere Island 2 |
BOTTOM OF THE 6TH |
Ellesmere Island Snowpeople batting - Pitching for Ogallala Octopi : LHP Venceslau Martelo
|
Batting: RHB Luigino Colombo
|
0-0: Swinging Strike 0-1: SINGLE (Groundball, 34D)
|
Batting: RHB Omer van de Linde
|
0-0: Ball 1-0: Foul Ball, location: 2F 1-1: Called Strike 1-2: Fly out, F7 (Line Drive, 7D)
|
Batting: RHB Enrique Flores
|
0-0: Called Strike 0-1: Ball 1-1: Ball 2-1: Ball 3-1: Fly out, F7 (Line Drive, 78M)
|
Batting: RHB Teok-kyu Pak
|
0-0: Ball 1-0: Called Strike 1-1: Ball 2-1: 2-RUN HOME RUN (Line Drive, 7D), Distance : 410 ft
|
Batting: RHB Carlos Moreno
|
0-0: Ball 1-0: Called Strike 1-1: Foul Ball, location: 2F 1-2: Strikes out swinging
|
Bottom of the 6th over - 2 runs, 2 hits, 0 errors, 0 left on base; Ogallala 2 - Ellesmere Island 4 |
TOP OF THE 7TH |
Ogallala Octopi batting - Pitching for Ellesmere Island Snowpeople : RHP Jim Thurman
|
Batting: RHB David Stone
|
0-0: Called Strike 0-1: Fly out, F7 (Line Drive, 7D)
|
Batting: RHB Alejandro Cantú
|
0-0: Foul Ball, location: 2F 0-1: Swinging Strike 0-2: Ball 1-2: Fly out, F5 (Popup, 56S)
|
Batting: RHB Keng-chi Nao
|
0-0: Ball 1-0: Foul Ball, location: 2F 1-1: Called Strike 1-2: Strikes out swinging
|
Top of the 7th over - 0 runs, 0 hits, 0 errors, 0 left on base; Ogallala 2 - Ellesmere Island 4 |
BOTTOM OF THE 7TH |
Ellesmere Island Snowpeople batting - Pitching for Ogallala Octopi : LHP Venceslau Martelo
|
Batting: RHB Feng-yi Wen
|
0-0: Swinging Strike 0-1: Swinging Strike 0-2: Ball 1-2: Ball 2-2: Ground out 4-3 (Groundball, 4M)
|
Batting: RHB José González
|
0-0: Ball 1-0: Ball 2-0: Called Strike 2-1: Ball 3-1: Called Strike 3-2: Foul Ball, location: 2F 3-2: Strikes out swinging
|
Batting: SHB Hsien-feng Chen
|
0-0: Called Strike 0-1: Called Strike 0-2: Ball 1-2: Strikes out swinging
|
Bottom of the 7th over - 0 runs, 0 hits, 0 errors, 0 left on base; Ogallala 2 - Ellesmere Island 4 |
TOP OF THE 8TH |
Ogallala Octopi batting - Pitching for Ellesmere Island Snowpeople : RHP Jim Thurman
|
Batting: RHB Skip Giblet
|
0-0: Ball 1-0: Ball 2-0: Called Strike 2-1: Reached on error, E7 (Flyball, 7)
|
Batting: RHB Mike Moss
|
0-0: Fly out, F8 (Flyball, 8RM)
|
Batting: RHB Carlos Martínez
|
0-0: Called Strike 0-1: Ball 1-1: SINGLE (Line Drive, 7LM) Skip Giblet to second
|
Batting: LHB Lauren Hilfiker
|
0-0: SINGLE (Flyball, 8RS) Skip Giblet to third Carlos Martínez to second
|
Pitching: RHP George Kipcak
|
|
Batting: RHB Kao-tsu Koo
|
0-0: Called Strike 0-1: Ball 1-1: SINGLE (Flyball, 8RS) Skip Giblet scores Carlos Martínez to third Lauren Hilfiker to second Runner from 3rd tries for Home, SAFE, no throw
|
Batting: RHB Anthon Oort
|
0-0: Fielders Choice at 2nd, 4-6 (Groundball, 4) Lauren Hilfiker to third
|
Pinch Hitting: RHB Phil van Oosterom
|
0-0: Called Strike 0-1: Ball 1-1: Foul Ball, location: 2F 1-2: Strikes out looking
|
Top of the 8th over - 2 runs, 3 hits, 1 error, 2 left on base; Ogallala 4 - Ellesmere Island 4 |
TOP OF THE 9TH |
Ogallala Octopi batting - Pitching for Ellesmere Island Snowpeople : RHP George Kipcak
|
Pinch Hitting: LHB Derek Corbin
|
0-0: Foul Ball, location: 2F 0-1: Swinging Strike 0-2: Ball 1-2: Ball 2-2: Ball 3-2: Strikes out swinging
|
Pinch Hitting: RHB Jason Watts
|
0-0: Called Strike 0-1: Foul Ball, location: 2F 0-2: Ball 1-2: Ground out 6-3 (Groundball, 6S)
|
Pinch Hitting: LHB Mauro López
|
0-0: Ground out U3 (Groundball, 34S)
|
Top of the 9th over - 0 runs, 0 hits, 0 errors, 0 left on base; Ogallala 4 - Ellesmere Island 4 |
BOTTOM OF THE 9TH |
Ellesmere Island Snowpeople batting - Pitching for Ogallala Octopi : RHP Ye-qing Tsai
|
Now at 2B: Ricardo Torres
|
|
Now at 3B: Derek Corbin
|
|
Now in CF: Jorge Díaz
|
|
Batting: RHB Enrique Flores
|
0-0: Called Strike 0-1: Ball 1-1: SINGLE (Line Drive, 9LS)
|
Pinch Hitting: RHB Riemer Kila
|
0-0: Called Strike 0-1: Bunted foul 0-2: Fly out, F7 (Flyball, 7S)
|
Batting: RHB Carlos Moreno
|
0-0: Ball 1-0: Ball 2-0: DOUBLE (Line Drive, 78D) Enrique Flores to third Runner from 3rd tries for Home, SAFE, no throw
|
Friday, March 29th, 2019 - OOTP Baseball 18.8 Build 76
|
|